 Dungeon Crawl Stone Soup version 0.30-a0-1112-gfb780f5df6 (webtiles) character file.

Game seed: 9442521476964655432

7 cforsyth the Trooper (level 1, -2/18 HPs)
             Began as a Demigod Fighter on Apr 20, 2023.
             Slain by a quokka (4 damage)
             ... on level 1 of the Dungeon.
             The game lasted 00:00:38 (203 turns).

cforsyth the Trooper (Demigod Fighter)               Turns: 203, Time: 00:00:39

Health: -2/18      AC:  6    Str: 17    XL:     1   Next: 66%
Magic:  3/3        EV:  9    Int: 10    God:
Gold:   0          SH:  4    Dex: 13    Spells: 0/0 levels left

rFire   . . .      SeeInvis .    a - +0 flail
rCold   . . .      Faith    .    c - +0 buckler
rNeg    . . .      Spirit   .    b - +0 scale mail
rPois   .          Reflect  .    (no helmet)
rElec   .          Rampage  .    (no cloak)
rCorr   .                        (no gloves)
Will    .....                    (no boots) Stlth
                                 (no amulet)
HPRegen 0.23/turn                (no ring)
MPRegen 0.08/turn                (no ring)

@: no status effects
A: high MP 1, forlorn, divine attributes
a: no special abilities


You were on level 1 of the Dungeon.
You visited 1 branch of the dungeon, and saw 2 of its levels.

Inventory:

Hand Weapons
 a - a +0 flail (weapon)
Armour
 b - a +0 scale mail (worn)
 c - a +0 buckler (worn)
Potions
 d - a potion of might


   Skills:
 + Level 2.8 Fighting
 + Level 1.9 Maces & Flails
 + Level 2.8 Armour
 + Level 2.8 Shields


You couldn't memorise any spells.
You didn't know any spells.
Your spell library was empty.

Dungeon Overview and Level Annotations

Branches:
Dungeon (2/15)

Shops:
D:1 ?


Innate Abilities, Weirdness & Mutations

You have an increased reservoir of magic. (+10% MP)
You shall have no god before yourself.
Your divine heritage dramatically boosts your attributes as you level up.


Message History

The quokka barely misses you. The goblin hits you but does no damage.
The goblin hits you with a +0 dagger.
You sock the ball python!
You kill the ball python!
You block the bat's attack. The quokka bites you.
The endoplasm barely misses you. The goblin hits you but does no damage.
The goblin hits you with a +0 dagger.
You miss the quokka. The bat hits you but does no damage.
The quokka bites you but does no damage.
The endoplasm freezes you.
You are frozen.
You block the goblin's attack. The goblin hits you with a +0 dagger.
The bat barely misses you. The quokka bites you.
* * * LOW HITPOINT WARNING * * *
You are too injured to fight recklessly!
You are too injured to fight recklessly!
You are too injured to fight recklessly!
You are too injured to fight recklessly!
The goblin hits you but does no damage. You block the quokka's attack.
The goblin attacks as you move away! The goblin closely misses you.
The quokka attacks as you move away!
The quokka bites you but does no damage.
The endoplasm attacks as you move away! You block the endoplasm's attack.
The goblin attacks as you move away! The goblin hits you with a +0 dagger.
* * * LOW HITPOINT WARNING * * *
The quokka bites you but does no damage.
The goblin attacks as you move away! The goblin hits you with a +0 dagger.
* * * LOW HITPOINT WARNING * * *
The quokka bites you but does no damage.
The quokka attacks as you move away! The quokka barely misses you.
The endoplasm attacks as you move away! You block the endoplasm's attack.
The quokka attacks as you move away! The quokka bites you.
* * * LOW HITPOINT WARNING * * *
The quokka twitches its whiskers.
The quokka closely misses you.
Okay, then.
You aren't carrying any scrolls.
You closely miss the quokka. The quokka barely misses you.
Found a pair of boots.
The quokka bites you.
You die...

##### .....
#############..##
#.@rJg..........#
#.####b.8.....8.#
#. #..........#
#. #......>†..#
#. #..........#
#. #..........#
#. #............
#[ ##.8.....8..##
#.......(..#


You could see an endoplasm, a quokka, a goblin and a bat.

Vanquished Creatures
  2 ball pythons (D:1)
  2 kobolds (D:1)
  A quokka (D:1)
  A bat (D:1)
6 creatures vanquished.

Notes
Turn   | Place    | Note
-------+----------+-------------------------------------------
     0 | D:1      | cforsyth the Demigod Fighter began the quest for the Orb.
     0 | D:1      | Reached XP level 1. HP: 18/18 MP: 3/3
    98 | D:1      | Found Nuleav's Magic Scroll Shoppe.
   153 | D:1      | You fall into a shaft and drop 1 floor!
   203 | D:1      | Slain by a quokka

Illustrated notes

Levels and vault maps discovered:
D:1:      dpeg_arrival_castle, layout_loops_ring, serial_shops,
          nicolae_shop_statue_plus, st_stairs_1
D:2:      layout_basic, serial_shops, shop, nicolae_shop_trees,
          nicolae_shop_gaudy_bauble, nicolae_shop_tiny_statue_garden,
          nicolae_shop_bloodbath_and_beyond

Action                     || total
---------------------------++-------
  Melee: Flail             ||    24
 Armour: Scale mail        ||    32
  Dodge: Dodged            ||    20
  Block: Buckler           ||    14

Table legend: (Time is in decaauts)
 A = Elapsed time spent in this place.
 B = Non-inter-level travel time spent in this place.
 C = Inter-level travel time spent in this place.
 D = Time resting spent in this place.
 E = Time spent auto-exploring this place.
 F = Levels seen in this place.
 G = Mean time per level.
                   A        B        C        D        E       F      G
               +--------+--------+--------+--------+--------+-----+--------+
         Total |    214 |    214 |      0 |      0 |    126 |   2 |  107.0 |
       Dungeon |    214 |    214 |      0 |      0 |    126 |   2 |  107.0 |
               +--------+--------+--------+--------+--------+-----+--------+

Top non-repeatable levels by time:
     D:1: 180 daAuts
     D:2: 33 daAuts
